 Dungeon Crawl Stone Soup version 0.31-a0-523-g071a6c1ffa (webtiles) character file.

Game seed: 9117474567992990124

10092 Gargoyl the Cleaver (level 11, -3/112 HPs)
             Began as a Gargoyle Berserker on Aug 11, 2023.
             Was an Elder of Trog.
             Slain by a three-headed hydra simulacrum (25 damage)
             ... in an ice cave.
             The game lasted 00:12:42 (9574 turns).

Gargoyl the Cleaver (Gargoyle Berserker)            Turns: 9574, Time: 00:12:44

Health: -3/112     AC: 30    Str: 21    XL:     11   Next: 56%
Magic:  9/9        EV: 10    Int: 11    God:    Trog [****..]
Gold:   586        SH:  0    Dex: 13    Spells: 10/10 levels left

rFire   . . .        k - +6 hand axe of Ancient Evil {freeze, Int+3 Stlth+}
rCold   . . .        (no shield)
rNeg    + . .        h - +0 shadow dragon scales
rPois   ∞            (no helmet)
rElec   +            f - +2 cloak
rCorr   .            i - +0 pair of gloves
SInv    .            j - +0 pair of boots
Will    +....        (no amulet) Stlth
                     b - ring of willpower
HPRegen 0.38/turn    o - ring of flight
MPRegen 0.11/turn

%: no passive effects
@: berserking, flying, very quick
A: sickness immunity, AC +8, negative energy resistance 1, electricity
resistance, torment resistance 1, petrification resistance, talons 1, low MP 1,
passive freeze, robust 1
a: Renounce Religion, Berserk, Trog's Hand, Brothers in Arms


You were in an ice cave.
You worshipped Trog.
Trog was greatly pleased with you.
You visited 2 branches of the dungeon, and saw 10 of its levels.
You also visited: Ice Cave.

You collected 586 gold pieces.

Inventory:

Hand Weapons
 k - the +6 hand axe of Ancient Evil (weapon) {freeze, Int+3 Stlth+}
   (You found it on level 5 of the Dungeon)

   Int+3:     It affects your intelligence (+3).
   Stlth+:    It makes you more stealthy.
 v - a +3 hand axe of freezing
Missiles
 p - a curare-tipped dart (quivered)
Armour
 f - a +2 cloak (worn)
 h - +0 shadow dragon scales (worn)
 i - a +0 pair of gloves (worn)
 j - a +0 pair of boots (worn)
Jewellery
 b - a ring of willpower (left hand)
 n - an amulet of magic regeneration
 o - a ring of flight (right hand)
Wands
 u - a wand of roots (22)
 x - a wand of paralysis (10)
Scrolls
 a - a scroll of identify
 c - 2 scrolls of poison
 q - a scroll of fog
 r - a scroll of revelation
 t - 2 scrolls of teleportation
 w - a scroll of fear
 y - 3 scrolls of blinking
Potions
 d - 4 potions of curing
 e - a potion of enlightenment
 g - a potion of attraction
 l - a potion of heal wounds {unknown}
 m - a potion of cancellation {unknown}
 s - a potion of might {unknown}


   Skills:
 + Level 8.6 Fighting
 + Level 11.3 Axes
 + Level 10.0 Armour
 + Level 4.8 Dodging
 + Level 4.9 Stealth


You had 10 spell levels left.
You didn't know any spells.
Your spell library was empty.

Dungeon Overview and Level Annotations

Branches:
Dungeon (9/15)             Temple (0/1) D:6            Lair (1/5) D:9
  IceCv (1/1)
    Orc: D:9-12

Altars:
Cheibriados
Dithmenos
Elyvilon
Hepliaklqana
Makhleb
Okawaru
Qazlal
Sif Muna
Trog
The Shining One


Innate Abilities, Weirdness & Mutations

You are immune to sickness and miasma.
Your stone body is resilient. (AC +8)
You are immune to poison.
You resist negative energy. (rN+)
You are resistant to electric shocks. (rElec)
You are resistant to unholy torment.
You are immune to petrification.
You have sharp toenails.
Your magical capacity is low. (-10% MP)
A frigid envelope surrounds you and freezes all who hurt you.
You are robust. (+10% HP)


Message History

You slice the harpy simulacrum!!
The harpy simulacrum vaporises!
Trog accepts your kill.
Okay, then.
You reach down and open the door.
A harpy simulacrum comes into view.
There is an open door here.
The helpless harpy simulacrum fails to defend itself.
You hit the harpy simulacrum.
The harpy simulacrum is moderately damaged.
The harpy simulacrum claws you but does no damage.
The harpy simulacrum completely resists.
The harpy simulacrum claws you. The harpy simulacrum freezes you!
You hit the harpy simulacrum.
The harpy simulacrum is heavily damaged.
The harpy simulacrum claws you but does no damage.
The harpy simulacrum completely resists.
The harpy simulacrum claws you but does no damage.
The harpy simulacrum completely resists.
The harpy simulacrum claws you. The harpy simulacrum freezes you!
The harpy simulacrum completely resists.
The harpy simulacrum barely misses you.
You slash the harpy simulacrum!
The harpy simulacrum vaporises!
Trog accepts your kill.
Unknown command.
A red film seems to cover your vision as you go berserk!
You feel yourself moving faster!
You feel mighty!
Unknown command.
The door flies open with a bang!
You feel a strong urge to attack something.
A three-headed hydra simulacrum comes into view.
The three-headed hydra simulacrum bites you!
The three-headed hydra simulacrum freezes you!!
* * * LOW HITPOINT WARNING * * *
The three-headed hydra simulacrum completely resists.
The three-headed hydra simulacrum bites you!
* * * LOW HITPOINT WARNING * * *
The three-headed hydra simulacrum freezes you!!
You die...

#.#...#.#
#'#...#'###
+.......'.#
#.8...8.###
+.......+
#.###.8...8.###
#.'...........+
#.###.8...8.###
#.'.......@Z#
###.8...8.###
#.'.......'°#
######+######


You could see a three-headed hydra simulacrum.

Vanquished Creatures
  Jeremiah (D:7)
  Pikel (D:4)
  A black mamba (Lair:1)
  2 ice statues (IceCv)
  2 cane toads (Lair:1)
  A komodo dragon (Lair:1)
  4 ice devils (IceCv)
  2 anaconda simulacra (IceCv)
  2 wyverns (D:9)
  A wraith (D:9)
  Grum (D:9)
  A basilisk (D:9)
  Menkaure (D:4)
  A steam dragon (D:8)
  3 harpy simulacra (IceCv)
  An acid dragon (D:9)
  A hydra simulacrum (IceCv)
  Duvessa (D:4)
  3 water moccasins
  An ice beast (D:6)
  2 orc warriors
  2 black bears
  4 wolves (D:9)
  An ogre (D:3)
  2 centaurs
  4 lemures (D:4)
  Blork the orc (D:4)
  A kobold brigand (D:8)
  6 bullfrogs
  2 scorpions
  A cane toad simulacrum (IceCv)
  9 wights
  Dowan (D:4)
  14 killer bees
  7 howler monkeys
  A bullfrog zombie (D:7)
  3 jellies
  2 hounds (D:6)
  2 orc priests
  Natasha (thrice) (D:3)
  4 iguanas
  5 orc wizards
  A spriggan simulacrum (IceCv)
  2 troll simulacra (IceCv)
  4 killer bee zombies (D:7)
  A wolf simulacrum (IceCv)
  2 howler monkey zombies (D:7)
  7 adders
  12 white imps (Lair:1)
  3 worms
  18 orcs
  6 endoplasms
  A giant cockroach (D:1)
  6 goblins
  9 hobgoblins
  4 jackals
  7 kobolds
  A quokka (D:1)
  4 ball pythons
  A bat (D:3)
  2 frilled lizards (D:1)
  3 rats
202 creatures vanquished.

Notes
Turn   | Place    | Note
-------+----------+-------------------------------------------
     0 | D:1      | Gargoyl the Gargoyle Berserker began the quest for the Orb.
     0 | D:1      | Reached XP level 1. HP: 14/14 MP: 1/1
   228 | D:1      | Reached XP level 2. HP: 19/19 MP: 2/2
   918 | D:2      | Reached skill level 3 in Axes
   966 | D:2      | Reached XP level 3. HP: 22/24 MP: 3/3
  1077 | D:2      | Reached ** piety under Trog
  1464 | D:3      | Noticed an ogre
  1473 | D:3      | Killed an ogre
  1474 | D:3      | Reached skill level 4 in Axes
  1474 | D:3      | Reached XP level 4. HP: 24/29 MP: 4/4
  1474 | D:3      | Reached XP level 5. HP: 28/33 MP: 5/5
  1562 | D:3      | Noticed Natasha
  1571 | D:3      | Killed Natasha
  1646 | D:3      | Found a shimmering blue altar of Sif Muna.
  1705 | D:3      | Noticed Natasha
  1718 | D:3      | Killed Natasha
  1901 | D:3      | Noticed Natasha
  1913 | D:3      | Killed Natasha
  2085 | D:3      | Found a glowing golden altar of the Shining One.
  2113 | D:3      | Reached XP level 6. HP: 25/39 MP: 6/6
  2307 | D:4      | Noticed Blork the orc
  2348 | D:4      | Killed Blork the orc
  2352 | D:4      | Noticed Pikel
  2560 | D:4      | Reached skill level 1 in Stealth
  2589 | D:4      | Gained mutation: A frigid envelope surrounds you and
                  | freezes all who hurt you. [potion of mutation]
  2589 | D:4      | Gained mutation: You have sharp toenails. [potion of
                  | mutation]
  2589 | D:4      | Gained mutation: Your magical capacity is low. (-10% MP)
                  | [potion of mutation]
  2589 | D:4      | Gained mutation: You are robust. (+10% HP) [potion of
                  | mutation]
  2593 | D:4      | Killed Pikel
  2594 | D:4      | Reached skill level 5 in Fighting
  2594 | D:4      | Reached skill level 5 in Axes
  2594 | D:4      | Reached XP level 7. HP: 15/48 MP: 6/6
  2822 | D:4      | Reached skill level 6 in Axes
  2839 | D:4      | Found a shadowy altar of Dithmenos.
  2864 | D:4      | Reached XP level 8. HP: 53/53 MP: 7/7
  2977 | D:4      | Identified the +1 chain mail of the Hot Ocelot {Dex+5}
  3015 | D:4      | Noticed Duvessa
  3016 | D:4      | Noticed Dowan
  3022 | D:4      | Noticed Menkaure
  3024 | D:4      | Killed Duvessa
  3025 | D:4      | Reached skill level 5 in Armour
  3028 | D:4      | Killed Dowan
  3035 | D:4      | Killed Menkaure
  3293 | D:5      | Entered Level 5 of the Dungeon
  3357 | D:5      | Identified the +6 hand axe of Ancient Evil {freeze, Int+3
                  | Stlth+}
  3401 | D:5      | Found a bloodstained altar of Trog.
  3538 | D:5      | Found a burning altar of Makhleb.
  3565 | D:5      | Found a stormy altar of Qazlal.
  3913 | D:6      | Reached skill level 7 in Axes
  3988 | D:6      | Found a staircase to the Ecumenical Temple.
  4023 | D:6      | Reached XP level 9. HP: 60/60 MP: 8/8
  4827 | D:7      | Found a snail-covered altar of Cheibriados.
  4886 | D:7      | Reached *** piety under Trog
  4890 | D:7      | Reached skill level 8 in Axes
  5065 | D:7      | Noticed Jeremiah
  5592 | D:7      | Killed Jeremiah
  5906 | D:8      | Reached skill level 9 in Axes
  5906 | D:8      | Reached XP level 10. HP: 65/67 MP: 9/9
  5960 | D:8      | Identified the +2 mace of Joyful Slaughter {flame, Fragile
                  | rC- Dex+7}
  6386 | D:8      | Found an iron altar of Okawaru.
  7282 | D:9      | Found a hazy altar of Hepliaklqana.
  7319 | D:9      | Found a white marble altar of Elyvilon.
  7403 | D:9      | Noticed Grum
  7416 | D:9      | Reached skill level 10 in Axes
  7416 | D:9      | Killed Grum
  7696 | D:9      | Found a staircase to the Lair.
  8046 | Lair:1   | Entered Level 1 of the Lair of Beasts
  8047 | Lair:1   | Noticed a cane toad
  8052 | Lair:1   | Killed a cane toad
  8215 | Lair:1   | Noticed a black mamba
  8223 | Lair:1   | Killed a black mamba
  8224 | Lair:1   | Reached XP level 11. HP: 62/74 MP: 9/9
  8230 | Lair:1   | Reached **** piety under Trog
  8344 | Lair:1   | Found a frozen archway.
  8501 | IceCv    | Entered an ice cave
  9296 | IceCv    | Reached skill level 11 in Axes
  9370 | IceCv    | Reached skill level 10 in Armour
  9574 | IceCv    | Slain by a three-headed hydra simulacrum

Illustrated notes

Levels and vault maps discovered:
D:1:      minmay_arrival_four_loops, layout_loops_ring, roderic_roman_lattice
D:2:      cheibrodos_old_hovel, layout_rooms, minmay_misc_feat_rugged,
          item_on_display_a
D:3:      layout_basic, mainiacjoe_overflow_six_doors_small, marbit_many_paths,
          grunt_decor_cap, kennysheep_generic_room_13, uniq_natasha
D:4:      layout_basic, grunt_dithmenos_smoke, chequers_serial_rivers_marsh,
          kennysheep_dice, uniq_duvessa, uniq_menkaure, uniq_blork_the_orc,
          uniq_pikel
D:5:      layout_cave_pools, lemuel_doored_altar, grunt_qazlal_sundering,
          mainiacjoe_overflow_alcove_1, eino_curves_02
D:6:      layout_basic, temple_doors_cd
D:7:      layout_rooms, cheibrodos_worm_habitat, serial_undead, serial_undead_e,
          serial_undead_b, serial_undead_d, serial_undead_a, serial_undead_b,
          serial_undead_d, uniq_jeremiah
D:8:      layout_layer_cave, mainiacjoe_overflow_tiny_flanked,
          serial_co_window_serial, co_window_paths_a,
          co_window_of_opportunity_a, co_window_of_opportunity_a,
          co_window_paths_a, co_window_paths_b, co_window_broadway_b,
          co_window_broadway_b, co_window_cross_4, co_window_4corner_a
D:9:      layout_small_grid, mainiacjoe_overflow_paths,
          mainiacjoe_overflow_boulevard, erik_lair_dragon, uniq_grum
Lair:1:   minmay_lair_oklob_chamber, layout_misc_corridors,
          portal_ice_cave_entry_imps
IceCv:    ice_cave_tombish

Skill      XL: |  1  2  3  4  5  6  7  8  9 10 11 |
---------------+----------------------------------+-----
Axes           | 3 4 5 6 7 9 10 11 | 11.3
Dodging        | 2 3 4 |  4.8
Fighting       | 4 5 6 8 |  8.6
Armour         | 3 4 6 7 9 10 | 10.0
Stealth        | 1 3 4 |  4.9

Action                     |  1- 3 |  4- 6 |  7- 9 | 10-12 || total
---------------------------+-------+-------+-------+-------++-------
  Melee: Hand axe          |   108 |   149 |   217 |   203 ||   677
         Punch             |     2 |     3 |     1 |     5 ||    11
  Throw: Dart              |       |       |       |     1 ||     1
 Invoke: Berserk           |     1 |     2 |     5 |     8 ||    16
         Trog's Hand       |     1 |     1 |     3 |     1 ||     6
    Use: Scroll            |     4 |     2 |     2 |     5 ||    13
         Potion            |       |     8 |       |       ||     8
   Stab: Sleeping          |       |       |     6 |     7 ||    13
         Distracted        |       |       |       |     1 ||     1
 Armour: Scale mail        |    37 |    81 |    19 |       ||   137
         Animal skin       |     5 |       |       |       ||     5
         Skin              |       |     2 |       |       ||     2
         Shadow dragon sca |       |       |   115 |   149 ||   264
  Dodge: Dodged            |    61 |    69 |    79 |   101 ||   310

Table legend: (Time is in decaauts)
 A = Elapsed time spent in this place.
 B = Non-inter-level travel time spent in this place.
 C = Inter-level travel time spent in this place.
 D = Time resting spent in this place.
 E = Time spent auto-exploring this place.
 F = Levels seen in this place.
 G = Mean time per level.
                   A        B        C        D        E       F      G
               +--------+--------+--------+--------+--------+-----+--------+
         Total |   9654 |   9360 |    294 |   1769 |   5644 |  11 |  877.6 |
       Dungeon |   8113 |   7819 |    294 |    774 |   5415 |   9 |  901.4 |
          Lair |    457 |    457 |      0 |    133 |    220 |   1 |  457.0 |
      Ice Cave |   1084 |   1084 |      0 |    862 |      9 |   1 | 1084.0 |
               +--------+--------+--------+--------+--------+-----+--------+

Top non-repeatable levels by time:
     D:6: 1300 daAuts
     D:8: 1119 daAuts
   IceCv: 1084 daAuts
     D:9: 1024 daAuts
     D:3: 977 daAuts
     D:4: 923 daAuts
     D:1: 874 daAuts
     D:7: 853 daAuts
     D:2: 570 daAuts
     D:5: 470 daAuts
  Lair:1: 457 daAuts
